AoeStats
← 牛牛

Baltic

510518913Analyzed
4v4 RM · 2d ago on Oct 1, 2026· 41m 36s· 8 players
Game mode
Random Map
Map size
Large (8 player)
Population
200
Speed
Normal
Resources
Standard
Victory
Conquest
Starting age
Dark Age
Ending age
Imperial Age
RankedLock teamsTeams togetherTeam positionsShared explorationLock speedFull tech treeHidden civsTurbo modeCheats
Victory
Defeat
🇨🇳 Huns · China
742
+13
🇪🇸 Cumans · Spain
715
+14
🇨🇳 Britons · China
653
+16
🇯🇵 Persians · Japan
603
+19
🇨🇳 Britons · China
698
-17
🇨🇳 Turks · China
697
-17
🇮🇩 Tupi · Indonesia
651
-15
🇹🇷 Turks · Türkiye
616
-13
BlueGuardian
鬼才
0:28 Loom
15:59 Feudal Age
17:16 Wheelbarrow
16:24 Horse Collar
16:31 Double-Bit Axe
25:32 Stone Mining
29:03 Castle Age
27:26 Gold Mining
30:08 Hand Cart
31:48 Gold Shaft Mining
31:38 Heavy Plow
31:50 Bow Saw
爷
0:31 Loom
10:28 Feudal Age
11:37 Double-Bit Axe
13:26 Horse Collar
16:40 Wheelbarrow
21:46 Castle Age
21:08 Fletching
21:21 Padded Archer Armor
24:04 Bow Saw
23:57 Heavy Plow
25:15 Gold Mining
25:26 Bodkin Arrow
25:47 Leather Archer Armor
40:58 Imperial Age
FENERBAHCE
12:09 Feudal Age
20:19 Castle Age
34:27 Imperial Age
32:34 Wheelbarrow
31:44 Town Watch
31:45 Loom
31:53 Gold Mining
31:54 Stone Mining
31:52 Horse Collar
33:17 Heavy Plow
33:56 Gold Shaft Mining
33:24 Double-Bit Axe
34:10 Caravan
39:36 Elite Janissary
牛牛
11:53 Feudal Age
12:32 Double-Bit Axe
12:30 Horse Collar
17:39 Castle Age
15:55 Stone Mining
20:18 Bow Saw
20:46 Heavy Plow
24:55 Wheelbarrow
27:19 Hand Cart
27:14 Light Cavalry
28:06 Bloodlines
27:56 Husbandry
28:39 Gold Mining
32:06 Marauders
34:39 Imperial Age
33:08 Forging
32:58 Scale Mail Armor
33:04 Scale Barding Armor
32:49 Fletching
33:00 Padded Archer Armor
35:09 Iron Casting
34:50 Chain Mail Armor
34:55 Chain Barding Armor
34:30 Bodkin Arrow
34:51 Leather Archer Armor
34:58 Ballistics
35:51 Conscription
34:53 Elite Tarkan
35:33 Hussar
38:14 Blast Furnace
37:50 Plate Barding Armor
37:15 Bracer
38:22 Chemistry
37:27 Cavalier
38:35 Parthian Tactics
39:00 Heavy Cavalry Archer
40:35 Paladin
sada613
12:38 Feudal Age
14:14 Horse Collar
14:21 Double-Bit Axe
14:30 Gold Mining
15:53 Wheelbarrow
21:07 Castle Age
21:23 Stone Mining
22:00 Loom
22:01 Town Watch
22:27 Bow Saw
22:18 Heavy Plow
22:55 Stone Shaft Mining
22:59 Gold Shaft Mining
28:03 Hand Cart
27:49 Town Patrol
33:44 Imperial Age
34:25 Elite War Elephant
35:28 Conscription
36:02 Forging
35:57 Scale Barding Armor
35:43 Fletching
36:05 Masonry
35:50 Murder Holes
36:25 Citadels
36:48 Caravan
38:06 Hoardings
38:43 Iron Casting
38:28 Chain Barding Armor
38:04 Bodkin Arrow
43:14 Blast Furnace
42:50 Plate Barding Armor
Maga92
5:06 Loom
11:28 Feudal Age
14:12 Bloodlines
15:12 Horse Collar
25:57 Castle Age
23:46 Town Watch
24:16 Forging
24:44 Scale Barding Armor
24:48 Fletching
27:25 Iron Casting
27:52 Chain Barding Armor
37:09 Imperial Age
34:51 Steppe Husbandry
37:51 Ballistics
37:28 Bodkin Arrow
38:39 Plate Barding Armor
41:32 Elite Steppe Lancer
菜鸟驿站
5:43 Loom
11:30 Feudal Age
15:14 Horse Collar
20:23 Castle Age
18:45 Stone Mining
18:45 Gold Mining
18:51 Double-Bit Axe
19:03 Gold Mining
22:47 Heavy Plow
32:56 Imperial Age
31:25 Padded Archer Armor
31:15 Fletching
31:49 Yeomen
33:25 Wheelbarrow
32:41 Town Watch
32:53 Bodkin Arrow
33:14 Leather Archer Armor
33:32 Ballistics
33:27 Masonry
33:40 Elite Longbowman
36:25 Chemistry
35:32 Siege Engineers
35:49 Warwolf
37:01 Conscription
37:33 Bracer
38:03 Ring Archer Armor
40:20 Ring Archer Armor
Connection lost

Rejoining the realm…

Still unreachable

The connection could not be restored.

Session expired

The server has moved on; the page needs a fresh start.